Map: New Repugnancy LE

Players

Takker

  • Race: Protoss Protoss
  • League: Silver
  • Spawn Location: 1:00

Arkhon - Winner!

  • Race: Protoss Protoss
  • Spawn Location: 7:00

VOD

Have the link to the VOD?

Description

Time

  • Played on: May 28, 2019, 8:27 p.m.
  • Length: 4:50
Show
View Real Time Build Order
Export as new Build Order

Takker Protoss 

Build Orders:  

Get SALT Encoding   

  12  0:01  Probe  
  13  0:13  Probe  
  14  0:26  Probe, Pylon  
  15  0:46  Gateway  
  15  0:48  Pylon  
  15  0:53  Probe  
  16  0:58  Assimilator  
  16  1:02  Probe  
  16  1:10  Probe  
  18  1:20  Probe  
  19  1:35  Pylon  
  19  1:42  Zealot  
  21  1:48  Cybernetics Core  
  21  2:00  Nexus  
  21  2:12  Assimilator, Probe  
  21  2:15  Assimilator  
  21  2:20  Probe  
  22  2:24  Zealot  
  22  2:27  Warp Gate  
  25  2:30  Probe  
  26  2:42  Probe  
  27  2:59  Zealot  
  27  3:01  Pylon  
  27  3:04  Probe  
  30  3:07  Pylon  
  30  3:10  Probe  
  30  3:16  Probe  
  30  3:26  Stalker  
  30  3:28  Probe  
  31  3:38  Pylon  
  31  3:41  Pylon  
  31  3:56  Stalker  
  31  3:57  Forge  
  33  4:07  Gateway  
  35  4:44  Photon Cannon  
Show
View Real Time Build Order
Export as new Build Order

Arkhon Protoss - Winner!

Build Orders:  

Get SALT Encoding   

  12  0:01  Probe  
  13  0:13  Probe  
  14  0:23  Pylon  
  14  0:25  Probe  
  15  0:39  Probe  
  15  0:42  Gateway  
  16  0:47  Probe  
  16  0:55  Assimilator  
  16  0:56  Probe  
  17  1:03  Pylon  
  18  1:15  Forge  
  18  1:16  Probe  
  18  1:18  Pylon  
  19  1:37  Pylon  
  19  1:42  Assimilator  
  19  1:45  Probe  
  20  1:56  Photon Cannon  
  20  1:57  Photon Cannon  
  20  2:06  Cybernetics Core  
  20  2:09  Probe  
  21  2:43  Nexus  
  21  3:02  Stargate  
  21  3:09  Shield Battery  
  21  3:25  Photon Cannon  
  21  3:31  Shield Battery  
  21  3:32  Probe  
  22  3:42  Photon Cannon  
  22  3:51  Probe, Pylon  
  23  3:57  Void Ray  
  23  4:00  Probe  
Tags
 
League
Silver
Matchup
PvP
Replay Pack
Up to May 28th
Spawn Locations
Cross Positions
Add a new tag
Caveats
  • Supply blocks, unpowered buildings, or Contaminate may cause inaccurate times.
  • Supply counts are checked every 10 seconds.